 Dungeon Crawl Stone Soup version 0.29-a0-553-g81b289dbe5 (webtiles) character file.

Game seed: 7262196498775535442

21 shadowstone the Covered (level 2, 0/19 HPs)
             Began as a Gargoyle Fighter on June 6, 2022.
             Was a Believer of Uskayaw.
             Slain by a frilled lizard (2 damage)
             ... on level 2 of the Dungeon.
             The game lasted 00:02:25 (554 turns).

shadowstone the Covered (Gargoyle Fighter)           Turns: 554, Time: 00:02:26

Health: 0/19       AC:  9    Str: 19    XL:     2   Next: 87%
Magic:  2/2        EV:  7    Int:  8    God:    Uskayaw [**....]
Gold:   30         SH:  8    Dex:  9    Spells: 1/1 levels left

rFire   . . .      SeeInvis .   a - +0 trident
rCold   . . .      Faith    .   g - +0 kite shield
rNeg    + . .      Spirit   .   b - +0 scale mail
rPois   ∞          Reflect  .   (no helmet)
rElec   +          Harm     .   (no cloak)
rCorr   .          Rampage  .   (no gloves)
Will    .....                   (no boots)
Stlth   ..........              (no amulet)
HPRegen 0.06/turn               (no ring)
MPRegen 0.08/turn               (no ring)

@: no status effects
A: sickness immunity, AC +2, negative energy resistance 1, electricity
resistance, torment resistance 1, petrification resistance
a: Renounce Religion, Stomp, Line Pass


You were on level 2 of the Dungeon.
You worshipped Uskayaw.
Uskayaw was noncommittal.
You visited 1 branch of the dungeon, and saw 2 of its levels.

You collected 30 gold pieces.

Inventory:

Hand Weapons
 a - a +0 trident (weapon)
Armour
 b - a +0 scale mail (worn)
 c - a +0 buckler
 g - a +0 kite shield (worn)
Scrolls
 e - a scroll of blinking {unknown}
 f - 2 scrolls of identify {unknown}
Potions
 d - a potion of might
 h - a potion of mutation {unknown}


   Skills:
 + Level 3.5 Fighting
 + Level 1.9 Polearms
 + Level 3.8 Armour
 + Level 3.6 Shields


You had one spell level left.
You didn't know any spells.
Your spell library was empty.

Dungeon Overview and Level Annotations

Branches:
Dungeon (2/15)

Altars:
Uskayaw

Annotations:
D:2 Sigmund


Innate Abilities, Weirdness & Mutations

You are immune to sickness and miasma.
Your stone body is resilient. (AC +2)
You are immune to poison.
You resist negative energy. (rN+)
You are resistant to electric shocks. (rElec)
You are resistant to unholy torment.
You are immune to petrification.


Message History

There is a stone staircase leading down here.
You climb downwards.
The adder hisses angrily.
Found 24 gold pieces and a bubbling green potion.
There is a stone staircase leading up here.
You closely miss Sigmund. Sigmund hits you but does no damage.
You hit Sigmund.
Sigmund is lightly wounded.
The adder bites you. You block the adder's attack.
Sigmund gestures at you while chanting. The magic dart hits you.
You closely miss Sigmund.
Sigmund is lightly wounded.
You block the adder's attack.
Sigmund breathes a few words.
Sigmund's hands start flickering wildly.
You block Sigmund's attack. The adder closely misses you.
You puncture Sigmund!
Sigmund is heavily wounded.
You block the adder's attack.
Sigmund points at you and mumbles some strange words.
The magic dart hits you. The adder bites you but does no damage.
You can now pass through a line of other dancers.
You completely miss Sigmund.
Sigmund is heavily wounded.
The adder bites you but does no damage.
Sigmund points at you and mumbles some strange words.
The magic dart hits you but does no damage.
You block the frilled lizard's attack. The adder completely misses you.
You puncture Sigmund!
Sigmund is severely wounded.
The frilled lizard hisses.
You block the frilled lizard's attack. Sigmund gestures at you while chanting.
The magic dart hits you.
* * * LOW HITPOINT WARNING * * *
The adder bites you.
* * * LOW HITPOINT WARNING * * *
You block Sigmund's attack. The frilled lizard bites you.
You die...

..# .#!.
##..##
#.....
#####....#
#.$.....#
##...S...#
#....@@..#
#...##l###.#
. ... ..###
... .. .


You could see Sigmund, an adder and a frilled lizard.

Vanquished Creatures
  A dart slug (D:1)
  3 endoplasms (D:1)
  A goblin (D:1)
  4 hobgoblins (D:1)
  4 jackals (D:1)
  A ball python (D:1)
  A frilled lizard (D:1)
  A rat (D:1)
16 creatures vanquished.

Vanquished Creatures (others)
  3 demonic plants (D:1)
  2 plants (D:1)
  3 withered plants (D:1)
8 creatures vanquished.

Grand Total: 24 creatures vanquished

Notes
Turn   | Place    | Note
-------+----------+-------------------------------------------
     0 | D:1      | shadowstone the Gargoyle Fighter began the quest for the
                  | Orb.
     0 | D:1      | Reached XP level 1. HP: 14/14 MP: 1/1
    72 | D:1      | Reached XP level 2. HP: 17/19 MP: 2/2
   165 | D:1      | Found a faded altar of an unknown god.
   275 | D:1      | Prayed at the altar of an unknown god.
   275 | D:1      | Became a worshipper of Uskayaw the Reveller
   275 | D:1      | Reached * piety under Uskayaw
   548 | D:2      | Noticed Sigmund
   552 | D:2      | Reached ** piety under Uskayaw
   554 | D:2      | Slain by a frilled lizard

Illustrated notes

Levels and vault maps discovered:
D:1:      minmay_arrival_loop, layout_loops_ring, serial_rivers,
          chequers_serial_rivers_micro_a, chequers_serial_rivers_micro_c,
          chequers_serial_rivers_micro_a, chequers_serial_rivers_marsh,
          chequers_serial_rivers_micro_d, shapermc_ecumenical_altar_gd
D:2:      layout_rooms, uniq_sigmund, uniq_robin

Action                   || total
-------------------------++-------
Melee: Trident           ||    79
Armor: Scale mail        ||    36
Dodge: Dodged            ||    35
Block: Buckler           ||    10
       Kite shield       ||    11

Table legend: (Time is in decaauts)
 A = Elapsed time spent in this place.
 B = Non-inter-level travel time spent in this place.
 C = Inter-level travel time spent in this place.
 D = Time resting spent in this place.
 E = Time spent auto-exploring this place.
 F = Levels seen in this place.
 G = Mean time per level.
                   A        B        C        D        E       F      G
               +--------+--------+--------+--------+--------+-----+--------+
         Total |    577 |    572 |      5 |      0 |      0 |   2 |  288.5 |
       Dungeon |    577 |    572 |      5 |      0 |      0 |   2 |  288.5 |
               +--------+--------+--------+--------+--------+-----+--------+

Top non-repeatable levels by time:
     D:1: 570 daAuts
     D:2: 7 daAuts
